 Dungeon Crawl Stone Soup version 0.21-a0-94-gdd6ab6a (webtiles) character file.

1621 HAL9000 the Jinx (level 8, -10/36 HPs)
             Began as a Vine Stalker Enchanter on July 3, 2017.
             Was an Initiate of Dithmenos.
             Mangled by an ogre
             ... wielding a +0 giant club
              (20 damage)
             ... on level 5 of the Dungeon.
             The game lasted 00:11:58 (5470 turns).

HAL9000 the Jinx (Vine Stalker Enchanter)           Turns: 5470, Time: 00:11:59

Health: -10/36     AC:  7    Str: 13    XL:     8   Next: 96%
Magic:  0/12       EV: 12    Int: 18    God:    Dithmenos [......]
Gold:   262        SH:  0    Dex: 15    Spells: 5/11 levels left

rFire    . . .     SeeInvis .   p - +2 short sword (drain)
rCold    + . .     Gourm    +   (no shield)
rNeg     . . .     Faith    .   b - +0 robe
rPois    .         Spirit   +   P - +1 helmet {Int+3}
rElec    .         Reflect  .   G - +2 cloak {+Inv}
rCorr    .         Harm     .   (no gloves)
MR       +....                  (no boots)
Stlth    ++........             N - amulet of the gourmand
HPRegen  0.52/turn              D - ring of ice
MPRegen  0.13/turn              K - ring of protection from fire

@: slowed, very slow
A: fangs 3, regeneration 1, magic shield, antimagic bite, no potion heal 3, rot
immunity
a: Renounce Religion, Evoke Invisibility


You were on level 5 of the Dungeon.
You worshipped Dithmenos.
Dithmenos was noncommittal.
You were very hungry.

You visited 1 branch of the dungeon, and saw 5 of its levels.

You collected 262 gold pieces.

Inventory:

Hand Weapons
 p - a +2 short sword of draining (weapon)
 q - a +0 rapier
 O - a +2 dagger of holy wrath
Missiles
 i - a throwing net (quivered)
Armour
 b - a +0 robe (worn)
 G - a +2 cloak of invisibility (worn)
 P - a +1 helmet of intelligence (worn)
Jewellery
 D - a ring of ice (left hand)
 K - a ring of protection from fire (right hand)
 N - an amulet of the gourmand (around neck)
 R - a cursed ring of teleportation {unknown}
Wands
 z - a wand of polymorph (11/24)
 F - a wand of iceblast (0/15)
 Q - a wand of iceblast (8/15)
Scrolls
 f - 3 scrolls of remove curse
 m - 4 scrolls of identify
 v - 2 scrolls of fear {unknown}
 x - 2 scrolls of enchant weapon {unknown}
 y - a scroll of enchant armour {unknown}
 C - a scroll of amnesia {unknown}
 E - a scroll of recharging {unknown}
 L - a scroll of magic mapping {unknown}
Potions
 l - 4 potions of curing
 t - 3 potions of brilliance
 w - 2 potions of haste
 H - a potion of mutation
 I - 2 potions of magic
Books
 c - a book of Maledictions

   Spells                             Type                      Level
   a - Corona                         Hexes                        1
   b - Ensorcelled Hibernation        Hexes/Ice                    2
   c - Confuse                        Hexes                        3
   d - Tukima's Dance                 Hexes                        3
   e - Dazzling Spray                 Conjuration/Hexes            3
Comestibles
 d - 6 bread rations
 g - 2 royal jellies
 B - 5 meat rations


   Skills:
 + Level 7.0 Short Blades
 - Level 1.5 Dodging
 - Level 3.6 Stealth
 - Level 2.1 Spellcasting
 + Level 8.5 Hexes


You had 5 spell levels left.
You knew the following spells:

 Your Spells              Type           Power        Failure   Level  Hunger
a - Corona                Hex            ####...      1%          1    #......
x - Confuse               Hex            ####....     1%          3    ###....
z - Ensorcelled Hibernat  Hex/Ice        ####..       4%          2    ###....


Dungeon Overview and Level Annotations

Branches:
Dungeon (5/15)
 Temple: D:4-7

Altars:
Cheibriados
Dithmenos
Hepliaklqana
Sif Muna
Wu Jian
Zin

Annotations:
D:2 2 transporters
D:5 anet's ghost, novice DEWz


Innate Abilities, Weirdness & Mutations

You have razor-sharp teeth.
Your natural rate of healing is unusually fast.
When hurt, damage is shared between your health and your magic reserves.
Your bite disrupts and absorbs the magic of your enemies.
Potions cannot restore your health.
You are immune to rotting.


Message History

A cloud of flames bursts into life!
Unknown command.
Okay, then.
Your system rejects the healing.
You feel better. Anet's ghost barely misses you.
Anet's ghost points at you and mumbles some strange words.
The ball explodes into a vile cloud!
The stinking cloud engulfs you!
The stinking cloud engulfs anet's ghost.
Anet's ghost appears unharmed.
Unknown command.
Anet's ghost casts a spell at you. The magic dart hits you!
* * * LOW HITPOINT WARNING * * *
An ogre comes into view. It is wielding a giant club.
Anet's ghost casts a spell at you. The magic dart hits you!
* * * LOW HITPOINT WARNING * * *
The ogre hits you with a giant club!!
Ouch! That really hurt!
You die...

# #............#♣.......#
##............#.♣.....##
#.............##♣....## #
#............###.....# ##
##..>.....#...###...## ##.
#....#####...#..#### #.. ######
##....## ##.. #.O..# #... ##@.##
#... #..# #... #####.## ##..
##§.§.W§#### #.. ##...§§.....###
##. #....§........# ##
###########)............## ###.
.....§...................#####...
.......>..................#....##


You could see an ogre and anet's ghost.

Vanquished Creatures
  Grinder (D:5)
  Edmund (D:4)
  Duvessa (D:5)
  A water moccasin (D:5)
  An ice beast (D:5)
  2 ogres (D:5)
  A centaur (D:5)
  A scorpion (D:5)
  Dowan (D:5)
  A crimson imp (D:5)
  2 bullfrog skeletons
  A hound (D:5)
  3 orc priests
  Crazy Yiuf (D:3)
  5 orc wizards
  Ijyb (D:3)
  4 worker ants (D:5)
  A worker ant zombie (D:5)
  6 adders
  An ooze (D:3)
  6 dart slugs
  3 leopard geckos
  9 orcs
  3 giant cockroaches
  7 goblins
  10 hobgoblins
  A quokka (D:3)
  8 bats
  A frilled lizard (D:3)
  12 kobolds
  A quokka skeleton (D:4)
  6 rats
103 creatures vanquished.

Notes
Turn   | Place    | Note
-------+----------+-------------------------------------------
     0 | D:1      | HAL9000 the Vine Stalker Enchanter began the quest for the Orb.
     0 | D:1      | Reached XP level 1. HP: 9/9 MP: 4/4
    18 | D:1      | Reached skill level 1 in Short Blades
    97 | D:1      | Reached XP level 2. HP: 10/13 MP: 3/6
   600 | D:1      | Learned a level 2 spell: Ensorcelled Hibernation
   718 | D:1      | Reached XP level 3. HP: 3/16 MP: 4/7
  1403 | D:2      | Learned a level 3 spell: Confuse
  1806 | D:2      | Reached skill level 4 in Hexes
  1851 | D:2      | Found a deep blue altar of Sif Muna.
  1903 | D:2      | Gained mutation: Your natural rate of healing is unusually fast. [Vine Stalker growth]
  1903 | D:2      | Reached XP level 4. HP: 21/21 MP: 6/8
  2142 | D:2      | Noticed a gargoyle
  2143 | D:2      | Found a snail-covered altar of Cheibriados.
  2143 | D:2      | Noticed a necrophage
  2146 | D:2      | Found a transporter.
  2158 | D:2      | Found a transporter.
  2518 | D:3      | Noticed Ijyb
  2534 | D:3      | Killed Ijyb
  2542 | D:3      | Found an ornate altar of the Wu Jian Council.
  2681 | D:3      | Reached XP level 5. HP: 24/24 MP: 9/9
  2950 | D:3      | Reached skill level 5 in Hexes
  3010 | D:3      | Found a runed door.
  3014 | D:3      | Noticed Crazy Yiuf
  3020 | D:3      | Killed Crazy Yiuf
  3269 | D:4      | Reached XP level 6. HP: 24/28 MP: 10/10
  3286 | D:4      | Found a shadowy altar of Dithmenos.
  3313 | D:4      | Noticed Edmund
  3348 | D:4      | Killed Edmund
  3720 | D:4      | Reached XP level 7. HP: 27/32 MP: 11/11
  3730 | D:4      | Reached skill level 6 in Hexes
  3860 | D:4      | Became a worshipper of Dithmenos the Shadowed
  3958 | D:4      | Found a hazy altar of Hepliaklqana.
  4188 | D:5      | Entered Level 5 of the Dungeon
  4306 | D:5      | Noticed Dowan
  4306 | D:5      | Noticed Duvessa
  4342 | D:5      | Reached skill level 5 in Short Blades
  4515 | D:5      | Noticed Grinder
  4623 | D:5      | Killed Grinder
  4623 | D:5      | Reached skill level 7 in Hexes
  4623 | D:5      | Gained mutation: You have razor-sharp teeth. [Vine Stalker growth]
  4623 | D:5      | Reached XP level 8. HP: 36/36 MP: 12/12
  4989 | D:5      | Found a glowing silver altar of Zin.
  5015 | D:5      | Reached skill level 8 in Hexes
  5043 | D:5      | Found an ornate altar of the Wu Jian Council.
  5113 | D:5      | Killed Dowan
  5154 | D:5      | Killed Duvessa
  5407 | D:5      | Noticed anet's ghost (novice DEWz)
  5470 | D:5      | Mangled by an ogre

Vault maps used:
D:1:      zaba_arrival_water
D:2:      led_sif_pool, gammafunk_temple_overflow_arena, first_bread
D:3:      nicolae_overflow_hidden_temple, nicolae_overflow_crystal_walls,
          uniq_ijyb, uniq_crazy_yiuf_cottage
D:4:      lemuel_doored_altar, nicolae_dithmenos_shadow_blocks,
          grunt_ministairs_1, uniq_edmund
D:5:      zin_academy, basic_altar, uniq_duvessa, uniq_grinder

Skill      XL: |  1  2  3  4  5  6  7  8 |
---------------+-------------------------+-----
Short Blades   | 1 2 3 4 5 7 |  7.0
Hexes          | 4 5 7 8 |  8.5
Dodging        | |  1.5
Stealth        | |  3.6
Spellcasting   | |  2.1

Action                   |  1- 3 |  4- 6 |  7- 9 || total
-------------------------+-------+-------+-------++-------
Melee: Dagger            |    91 |       |       ||    91
       Bite              |    22 |    34 |    58 ||   114
       Short sword       |     9 |   131 |   157 ||   297
 Cast: Confuse           |       |     2 |     1 ||     3
Evoke: Wand              |       |     2 |     1 ||     3
  Use: Potion            |     4 |       |     3 ||     7
       Scroll            |       |     3 |     3 ||     6
 Stab: Sleeping          |    15 |     8 |       ||    23
       Confused          |       |     2 |       ||     2
       Distracted        |       |       |     1 ||     1
  Eat: Chunk             |     3 |     6 |     6 ||    15
Armor: Robe              |    17 |    15 |    34 ||    66
Dodge: Dodged            |    59 |    55 |    64 ||   178
